 Dungeon Crawl Stone Soup version 0.29-a0-251-g80730f7218 (webtiles) character file.

Game seed: 17963395652306292160

20623 Ordine the Carver (level 12, -2/77 HPs)
             Began as a Tengu Warper on Mar 5, 2022.
             Was an Elder of Okawaru.
             Slain by a boulder beetle (16 damage)
             ... on level 2 of the Lair of Beasts.
             The game lasted 00:47:40 (21888 turns).

Ordine the Carver (Tengu Warper)                   Turns: 21888, Time: 00:47:41

Health: -2/77      AC: 10    Str: 18    XL:     12   Next: 81%
Magic:  0/19       EV: 17    Int: 14    God:    Okawaru [****..]
Gold:   1065       SH:  0    Dex: 18    Spells: 17/19 levels left

rFire   . . .      SeeInvis .   a - +7 long sword of Itaruy Eraja {flame, rPois rF- Str+6 Stlth+}
rCold   . . .      Faith    .   (no shield)
rNeg    . . .      Spirit   +   L - +2 steam dragon scales
rPois   +          Reflect  .   (helmet restricted)
rElec   .          Harm     .   B - +0 cloak
rCorr   .          Rampage  .   m - +0 pair of gloves
Will    .....                   (boots unavailable)
Stlth   +++.......              k - amulet of guardian spirit
HPRegen 0.22/turn               C - ring of protection from fire
MPRegen 0.16/turn               (no ring)

@: flying quickly and evasively, quick
A: beak, talons 3, nimble flight
a: Renounce Religion, Heroism, Finesse


You were on level 2 of the Lair of Beasts.
You worshipped Okawaru.
Okawaru was greatly pleased with you.
You visited 3 branches of the dungeon, and saw 14 of its levels.
You also visited: Sewer.

You collected 1065 gold pieces.

Inventory:

Hand Weapons
 a - the +7 long sword of Itaruy Eraja (weapon) {flame, rPois rF- Str+6 Stlth+}
   (You found it on level 1 of the Lair of Beasts)

   It burns those it strikes, dealing additional fire damage.
   Big, fiery blades are also staple armaments of hydra-hunters.
   Str:       It affects your strength (+6).
   rF:        It makes you vulnerable to fire.
   rPois:     It protects you from poison.
   Stlth:     It makes you more stealthy.
 b - a +2 dagger of venom
 J - a +0 dagger of distortion
 Q - a +2 long sword of holy wrath
 U - a +2 vorpal scimitar
Missiles
 d - 6 boomerangs of dispersal
 g - 8 javelins
 o - 34 poisoned darts (quivered)
 y - 2 throwing nets
 M - 3 curare-tipped darts
 N - 7 boomerangs
 P - 3 silver boomerangs
Armour
 m - a +0 pair of gloves (worn)
 B - a +0 cloak (worn)
 F - the +1 robe of Iphushen {rCorr Dex+5}
   (You found it on level 7 of the Dungeon)

   Dex:       It affects your dexterity (+5).
   rCorr:     It protects you from acid and corrosion.
 L - +2 steam dragon scales (worn)
 R - a scarf of repulsion
 V - an orb of wrath
 W - the +2 pair of boots "Elif" {rPois Will- SInv Stlth+}
   (You found it on level 2 of the Lair of Beasts)

   rPois:     It protects you from poison.
   SInv:      It lets you see invisible.
   Will:      It decreases your willpower.
   Stlth:     It makes you more stealthy.
Jewellery
 k - an amulet of guardian spirit (around neck)
 C - a ring of protection from fire (left hand)
Wands
 e - a wand of iceblast (11)
 z - a wand of digging (8)
 A - a wand of flame (26)
 D - a wand of paralysis (12)
 I - a wand of mindburst (15)
 O - a wand of polymorph (8)
Scrolls
 c - 2 scrolls of blinking
 j - 3 scrolls of enchant armour
 n - 4 scrolls of amnesia
 p - 3 scrolls of immolation
 q - 13 scrolls of teleportation
 s - 2 scrolls of fear {unknown}
 t - 4 scrolls of magic mapping {unknown}
 v - 2 scrolls of fog {unknown}
 w - 5 scrolls of vulnerability {unknown}
 E - 2 scrolls of enchant weapon {unknown}
 H - a scroll of holy word {unknown}
 S - 2 scrolls of brand weapon {unknown}
Potions
 f - a potion of haste
 h - 3 potions of mutation
 i - 3 potions of brilliance
 l - 4 potions of curing
 r - a potion of heal wounds
 u - 4 potions of attraction
 x - a potion of berserk rage
 G - 3 potions of might
 K - 2 potions of lignification
Miscellaneous
 T - a lightning rod (4/4)


   Skills:
 + Level 10.2 Fighting
 - Level 14.0 Long Blades
 * Level 10.8 Throwing
 + Level 4.5 Armour
 + Level 4.9 Dodging
 + Level 4.1 Spellcasting
 + Level 4.2 Translocations


You had 17 spell levels left.
You knew the following spells:

 Your Spells              Type           Power      Damage    Failure   Level
a - Blink                 Tloc           28%        N/A       4%          2

Your spell library contained the following spells:

 Spells                   Type           Power      Damage    Failure   Level
 Gell's Gravitas          Tloc           14%        N/A       10%         3
 Lesser Beckoning         Tloc           14%        N/A       10%         3
 Teleport Other           Tloc           14%        N/A       10%         3
 Sandblast                Erth           4%         2d4       19%         1
 Corpse Rot               Necr/Air       4%         N/A       28%         2
 Passwall                 Tmut/Erth      1%         N/A       28%         2
 Poisonous Vapours        Pois/Air       4%         N/A       28%         2
 Passage of Golubria      Tloc           14%        N/A       32%         4
 Confusing Touch          Hex            2%         N/A       50%         3
 Ozocubu's Armour         Ice            2%         N/A       50%         3
 Stone Arrow              Conj/Erth      4%         3d7       50%         3
 Manifold Assault         Tloc           14%        N/A       67%         5
 Fireball                 Conj/Fire      1%         3d3       99%         5
 Yara's Violent Unravell  Hex/Tmut       1%         3d3       99%         5
 Dispersal                Tloc           7%         N/A       99%         6
 Starburst                Conj/Fire      1%         6d3       100%        6
 Enfeeble                 Hex            1%         N/A       100%        7
 Ozocubu's Refrigeration  Ice            1%         4d5       100%        7
 Storm Form               Tmut/Air       1%         N/A       100%        7
 Ignition                 Fire           1%         3d3       100%        8
 Tukima's Dance           Hex            Unusable   N/A       N/A         3

Dungeon Overview and Level Annotations

Branches:
Dungeon (11/15)            Temple (1/1) D:7            Lair (2/6) D:10
    Orc (0/2) D:10          Sewer (visited)
  Swamp: Lair:2-4    Shoals: Lair:2-4     Snake: Lair:2-4    Spider: Lair:2-4

Altars:
Ashenzari
Cheibriados
Dithmenos
Elyvilon
Fedhas
Gozag
Hepliaklqana
Kikubaaqudgha
Makhleb
Nemelex Xobeh
Okawaru
Qazlal
Ru
Sif Muna
Trog
Uskayaw
Vehumet
Wu Jian
Xom
Yredelemnul
Zin
The Shining One


Innate Abilities, Weirdness & Mutations

You have a beak for a mouth.
You have claws for feet.
Your magical nature lets you fly swiftly and evasively.


Message History

You peck the boulder beetle, but do no damage.
The boulder beetle is almost dead.
The boulder beetle bites you but does no damage.
You hit the boulder beetle. You burn the boulder beetle.
You claw the boulder beetle, but do no damage.
The boulder beetle is almost dead.
You hit the boulder beetle but do no damage.
You claw the boulder beetle, but do no damage.
The boulder beetle is almost dead.
The boulder beetle barely misses you.
You hit the boulder beetle. You burn the boulder beetle.
You peck the boulder beetle.
The boulder beetle is almost dead.
The boulder beetle barely misses you.
You hit the boulder beetle but do no damage.
You peck the boulder beetle, but do no damage.
The boulder beetle is almost dead.
You hit the boulder beetle but do no damage.
The boulder beetle is almost dead.
The boulder beetle bites you but does no damage.
You completely miss the boulder beetle.
You claw the boulder beetle, but do no damage.
You peck the boulder beetle, but do no damage.
The boulder beetle is almost dead.
The boulder beetle closely misses you.
You hit the boulder beetle but do no damage.
You claw the boulder beetle, but do no damage.
The boulder beetle is almost dead.
You hit the boulder beetle. You burn the boulder beetle.
You claw the boulder beetle, but do no damage.
You peck the boulder beetle, but do no damage.
The boulder beetle is almost dead.
The boulder beetle leaps!
The boulder beetle bites you!!
* * * LOW HITPOINT WARNING * * *
You hit the boulder beetle. You burn the boulder beetle.
You claw the boulder beetle, but do no damage.
The boulder beetle is almost dead.
The boulder beetle bites you!!
You die...

.............
.............
............P
....#........
.............
.............
.............
#######.###.#.#####
#P@..P# ##..#P÷..
#B#+#.# #.#.#.###
#.#)#.#.#####.'.#.'
#.###.#....##.#.###
#P...P#..#....#....
#.###'###.#.#.#.#####
#.........#.#.#......
#..##.####..##.##..#.
###.####...##.#.#)#.###


You could see a boulder beetle.

Vanquished Creatures
  2 hydras (Lair:1)
  5 two-headed ogres
  2 catoblepae (Lair:2)
  Lodul (D:10)
  A cyclops (D:11)
  3 cane toads
  A gargoyle (D:10)
  Maggie (D:7)
  An unseen horror (D:9)
  Psyche (D:9)
  4 komodo dragons
  A rime drake (Lair:2)
  A blink frog (Lair:2)
  A vampire (D:11)
  5 wyverns
  2 basilisks
  15 yaks
  Eustachio (D:6)
  3 steam dragons
  2 wargs (Lair:1)
  A naga (Lair:2)
  5 water moccasins
  Duvessa (D:6)
  5 orc warriors
  3 sky beasts
  An ice beast (D:6)
  5 black bears
  9 ogres
  7 centaurs
  4 wolves (Lair:1)
  A phantom (D:5)
  3 kobold brigands
  11 bullfrogs
  2 necrophages
  A gnoll sergeant (D:8)
  4 scorpions
  5 wights
  Dowan (D:6)
  5 spriggan skeletons (D:9)
  3 howler monkeys
  A troll skeleton (D:9)
  An electric eel (D:6)
  Crazy Yiuf (D:6)
  9 orc priests
  2 hounds
  3 iron imps (D:8)
  A jelly (D:4)
  4 iguanas
  12 orc wizards
  7 gnolls
  11 adders
  6 river rats
  A white imp (D:7)
  An ufetubus (D:5)
  3 worms
  2 dart slugs
  50 orcs
  7 bats
  6 endoplasms
  10 giant cockroaches
  5 goblins
  10 hobgoblins
  6 jackals (Sewer)
  35 kobolds
  6 quokkas
  7 ball pythons
  7 frilled lizards
  2 rats
346 creatures vanquished.

Vanquished Creatures (others)
  An orc wizard (D:5)
  An orc (D:7)
  9 fungi (Lair:2)
  33 plants
44 creatures vanquished.

Grand Total: 390 creatures vanquished

Notes
Turn   | Place    | Note
-------+----------+-------------------------------------------
     0 | D:1      | Ordine the Tengu Warper began the quest for the Orb.
     0 | D:1      | Reached XP level 1. HP: 12/12 MP: 4/4
   155 | D:1      | Found a faded altar of an unknown god.
   294 | D:1      | Reached XP level 2. HP: 6/17 MP: 6/6
  1479 | D:2      | Reached skill level 3 in Long Blades
  1657 | D:2      | Reached XP level 3. HP: 19/22 MP: 5/7
  2330 | D:3      | HP: 1/22 [poisoned by an adder]
  2628 | D:3      | Reached XP level 4. HP: 27/27 MP: 8/8
  3016 | D:3      | Reached skill level 4 in Long Blades
  3453 | D:3      | Noticed a necrophage
  3467 | D:3      | Killed a necrophage
  3468 | D:3      | Gained mutation: Your magical nature lets you fly swiftly
                  | and evasively. [Tengu growth]
  3468 | D:3      | Reached XP level 5. HP: 25/32 MP: 7/9
  4482 | D:4      | Noticed a black bear
  4494 | D:4      | Killed a black bear
  4495 | D:4      | Reached skill level 5 in Long Blades
  4495 | D:4      | Reached XP level 6. HP: 2/37 MP: 1/10
  4847 | D:4      | Found a glowing drain.
  4852 | Sewer    | Entered a sewer
  5443 | Sewer    | Reached XP level 7. HP: 17/42 MP: 7/11
  5943 | Sewer    | Reached skill level 6 in Long Blades
  6630 | D:5      | Entered Level 5 of the Dungeon
  6958 | D:5      | HP: 1/43 [ogre/+0 giant club (10)]
  7333 | D:5      | Reached skill level 7 in Long Blades
  7333 | D:5      | Reached XP level 8. HP: 48/48 MP: 12/12
  7610 | D:5      | Reached skill level 5 in Fighting
  7856 | D:5      | Reached skill level 8 in Long Blades
  7866 | D:5      | Reached skill level 5 in Throwing
  9203 | D:6      | Reached XP level 9. HP: 55/55 MP: 13/13
  9252 | D:6      | Reached skill level 9 in Long Blades
  9662 | D:6      | Noticed Eustachio
  9678 | D:6      | Killed Eustachio
  9932 | D:6      | Reached skill level 10 in Long Blades
 10276 | D:6      | Noticed Duvessa
 10276 | D:6      | Noticed Dowan
 10293 | D:6      | Killed Duvessa
 10302 | D:6      | Killed Dowan
 10402 | D:6      | Found a runed translucent door.
 10403 | D:6      | Noticed Crazy Yiuf
 10409 | D:6      | Killed Crazy Yiuf
 10628 | D:6      | Reached XP level 10. HP: 17/63 MP: 8/14
 11014 | D:6      | Reached skill level 11 in Long Blades
 11085 | D:7      | Noticed a two-headed ogre
 11100 | D:7      | HP: 2/63 [two-headed ogre/+0 giant spiked club (16)]
 11727 | D:7      | Found a staircase to the Ecumenical Temple.
 12213 | Temple   | Entered the Ecumenical Temple
 12430 | D:7      | Identified the +1 robe of Iphushen {rCorr Dex+5}
 12594 | D:7      | Killed a two-headed ogre
 13087 | D:7      | Noticed Maggie
 13412 | D:7      | Reached skill level 12 in Long Blades
 14191 | D:7      | Killed Maggie
 14713 | D:8      | Noticed a two-headed ogre
 14737 | D:8      | Killed a two-headed ogre
 14892 | D:8      | Reached XP level 11. HP: 46/69 MP: 8/15
 15028 | D:8      | Found a blossoming altar of Fedhas.
 15225 | D:8      | Found a burning altar of Makhleb.
 15535 | D:9      | Reached skill level 13 in Long Blades
 16164 | D:9      | Noticed Psyche
 16174 | D:9      | Killed Psyche
 16647 | D:9      | Found an opulent altar of Gozag.
 16647 | D:9      | Found a snail-covered altar of Cheibriados.
 16878 | D:10     | Entered Level 10 of the Dungeon
 16881 | D:10     | Noticed a two-headed ogre
 16882 | D:10     | Noticed Lodul
 17310 | D:10     | Noticed a two-headed ogre
 17319 | D:10     | Killed a two-headed ogre
 17378 | D:10     | Found an iron altar of Okawaru.
 17378 | D:10     | Found a white marble altar of Elyvilon.
 17381 | D:10     | Became a worshipper of Warmaster Okawaru
 17839 | D:10     | Reached * piety under Okawaru
 17872 | D:10     | Found a staircase to the Lair.
 17879 | D:10     | Reached skill level 14 in Long Blades
 18450 | D:10     | Found a staircase to the Orcish Mines.
 18909 | D:11     | Noticed a cyclops
 18914 | D:11     | Killed a cyclops
 18964 | D:11     | Noticed a manticore
 19037 | D:10     | Reached ** piety under Okawaru
 19046 | D:10     | Noticed a two-headed ogre
 19050 | D:10     | Killed Lodul
 19053 | D:10     | Killed a two-headed ogre
 19088 | D:10     | Killed a two-headed ogre
 19088 | D:10     | Reached *** piety under Okawaru
 19089 | D:10     | Reached XP level 12. HP: 43/77 MP: 11/17
 19424 | Lair:1   | Entered Level 1 of the Lair of Beasts
 19507 | Lair:1   | Learned a level 2 spell: Blink
 19699 | Lair:1   | Noticed a four-headed hydra
 19713 | Lair:1   | Killed a four-headed hydra
 19714 | Lair:1   | Reached skill level 10 in Throwing
 19752 | Lair:1   | Received a gift from Okawaru
 20166 | Lair:1   | Noticed a four-headed hydra
 20184 | Lair:1   | Killed a four-headed hydra
 20578 | Lair:1   | Identified the +7 long sword of Itaruy Eraja {flame, rPois
                  | rF- Str+6 Stlth+}
 20947 | Lair:2   | Reached skill level 10 in Fighting
 21020 | Lair:2   | Reached **** piety under Okawaru
 21190 | Lair:2   | Noticed a catoblepas
 21212 | Lair:2   | Killed a catoblepas
 21297 | Lair:2   | Received a gift from Okawaru
 21394 | Lair:2   | Noticed a catoblepas
 21410 | Lair:2   | Killed a catoblepas
 21725 | Lair:2   | Identified the +2 pair of boots "Elif" {rPois Will- SInv
                  | Stlth+}
 21855 | Lair:2   | Noticed a boulder beetle
 21888 | Lair:2   | Slain by a boulder beetle

Illustrated notes

Levels and vault maps discovered:
D:1:      wheals_arrival_linesprint, layout_basic, basic_ecumenical_altar
D:2:      layout_loops_cross, amcnicky_mini_corridor_feature
D:3:      layout_loops_ring, mrwooster_statue_mirror
D:4:      layout_basic, gup_sewer_entry_bowl
D:5:      kennysheep_kobold_camp, layout_loops_ring
D:6:      layout_loops_ring, small_statue_intersection, minivault_4,
          uniq_duvessa, uniq_eustachio, uniq_crazy_yiuf_cottage
D:7:      kennysheep_spiral_hall, layout_basic, minmay_temple_entry_large_hall,
          serial_curves, eino_curves_02, eino_curves_04, uniq_maggie
D:8:      layout_basic, demons_altar, fedhas_altar_1
D:9:      layout_irregular_city, amethyst_overflow_temple_binary,
          hangedman_tell_no_tales, uniq_psyche
D:10:     layout_loops_ring, gammafunk_temple_overflow_elements,
          erik_lair_dragon, orc_0_dummy, nrook_campfire, uniq_lodul
D:11:     layout_roguey, nicolae_uskayaw_suspiria
Temple:   nicolae_temple_elliptical
Lair:1:   beast_lair_carwin_large_2, layout_regular_city,
          portal_ice_cave_entry_pillars_2
Lair:2:   layout_gridlike, minmay_snake_entry_guardpost_small,
          minmay_shattered_shrine, uniq_urug

Skill      XL: |  1  2  3  4  5  6  7  8  9 10 11 12 |
---------------+-------------------------------------+-----
Long Blades    | 3 4 5 7 8 10 12 14 | 14.0
Throwing       | 2 3 4 5 6 8 9 10 | 10.8
Fighting       | 3 4 5 7 8 9 10 | 10.2
Armour         | 2 4 |  4.5
Dodging        | 3 4 |  4.9
Translocations | 3 4 |  4.2
Spellcasting   | 4 |  4.1

Action                   |  1- 3 |  4- 6 |  7- 9 | 10-12 || total
-------------------------+-------+-------+-------+-------++-------
Melee: Falchion          |    82 |   152 |   251 |       ||   485
       Peck              |    12 |    27 |    85 |   152 ||   276
       Kick              |    20 |    39 |   135 |   215 ||   409
       Dagger            |       |       |   139 |    79 ||   218
       Punch             |       |       |     4 |     8 ||    12
       Long sword        |       |       |     5 |   138 ||   143
       Scimitar          |       |       |       |   381 ||   381
Throw: Dart              |       |       |    14 |    75 ||    89
       Boomerang         |       |       |     1 |     1 ||     2
       Javelin           |       |       |       |    10 ||    10
       Throwing net      |       |       |       |     1 ||     1
  Use: Potion            |       |     2 |     1 |     3 ||     6
       Scroll            |       |       |     7 |     5 ||    12
 Stab: Invisible         |       |     1 |       |       ||     1
       Sleeping          |       |       |       |     4 ||     4
       Petrified         |       |       |       |     3 ||     3
       Distracted        |       |       |       |     1 ||     1
       Petrifying        |       |       |       |     1 ||     1
Armor: Chain mail        |    49 |   144 |   163 |    61 ||   417
       Steam dragon scal |       |       |       |    91 ||    91
Dodge: Dodged            |    24 |    64 |    79 |   318 ||   485
       Repelled          |       |       |       |     1 ||     1

Table legend: (Time is in decaauts)
 A = Elapsed time spent in this place.
 B = Non-inter-level travel time spent in this place.
 C = Inter-level travel time spent in this place.
 D = Time resting spent in this place.
 E = Time spent auto-exploring this place.
 F = Levels seen in this place.
 G = Mean time per level.
                   A        B        C        D        E       F      G
               +--------+--------+--------+--------+--------+-----+--------+
         Total |  20892 |  20001 |    891 |   2054 |  14877 |  15 | 1392.8 |
       Dungeon |  17326 |  16473 |    853 |   2054 |  11899 |  11 | 1575.1 |
        Temple |    144 |    125 |     19 |      0 |    108 |   1 |  144.0 |
          Lair |   2300 |   2282 |     18 |      0 |   1943 |   2 | 1150.0 |
         Sewer |   1122 |   1122 |      0 |      0 |    925 |   1 | 1122.0 |
               +--------+--------+--------+--------+--------+-----+--------+

Top non-repeatable levels by time:
     D:6: 3526 daAuts
     D:5: 1986 daAuts
    D:10: 1842 daAuts
     D:7: 1808 daAuts
     D:2: 1789 daAuts
     D:9: 1697 daAuts
  Lair:1: 1417 daAuts
     D:1: 1391 daAuts
     D:3: 1190 daAuts
   Sewer: 1122 daAuts
     D:4: 1033 daAuts
  Lair:2: 883 daAuts
     D:8: 804 daAuts
    D:11: 257 daAuts
  Temple: 144 daAuts
